cohdb
Replays
Latest Replays
All Replays
Popular Replays
Top Player Replays
Match Explorer
How It Works
Community
CoH3 Stats
Reddit
Sign in to upload your games and track your stats! →
Sign in with Steam
Match 41629716
Unlisted
Match 41629716
Overview
Messages
Build Orders
End
Kradschützen Motorcycle Team
Kradschützen Motorcycle Team
Selects Panzerjäger Kommand Battlegroup
Selects Blockade Equipment
Panzergrenadier Squad
Panzerpioneer Squad
Panzergrenadier Squad
Construct Light Support Kompanie
MG34 Team
MG34 Team
2.5-tonne Medical Truck
Selects Tank Busters
Panzerjäger Mechanized Group
Fire Support Elements
Selects Defensive Positions
le.IG 18 Support Gun Team
Pak 38 Anti-tank Gun Team
Ryūk7
سَۨفُـيٰانۨوٰس
0
0
Comments
sign in to comment!
No comments posted yet!